 Dungeon Crawl Stone Soup version 0.31-a0-486-g8d68a81214 (webtiles) character file.

Game seed: 10290520433631035748

1403 Zonian the Ruffian (level 8, -1/55 HPs)
             Began as an Octopode Shapeshifter on Aug 8, 2023.
             Was an Initiate of Gozag.
             Slain by a troll (13 damage)
             ... on level 6 of the Dungeon.
             The game lasted 00:12:37 (7318 turns).

Zonian the Ruffian (Octopode Shapeshifter)          Turns: 7318, Time: 00:12:37

Health: -1/55      AC:  1    Str: 16    XL:     8   Next: 69%
Magic:  8/8        EV: 17    Int: 10    God:    Gozag
Gold:   277        SH:  0    Dex: 25    Spells: 7/7 levels left

rFire   . .          .
                       - Unarmed
rCold   . . .        (no shield)
rNeg    . . .        (helmet currently unavailable)
rPois   .            (no amulet)
rElec   .            e - +6 ring of dexterity
rCorr   .            g - ring of see invisible
SInv    +            q - +6 ring of dexterity
Will    .....        (no ring)
Stlth   +++          (no ring)
HPRegen 0.29/turn    (no ring)
MPRegen 0.11/turn    (no ring)
                     (no ring)

%: no passive effects
@: about to teleport, beast-form
A: beast (slay +3), almost no armour, amphibious, 8 rings, camouflage 1,
gelatinous body 1, (nimble swimmer 1), tentacles
a: Begin Untransformation, Renounce Religion, Potion Petition, Call Merchant,
Bribe Branch


You were on level 6 of the Dungeon.
You worshipped Gozag.
Gozag was aware of your devotion.
You were a hulking beast.
You visited 1 branch of the dungeon, and saw 6 of its levels.

You collected 466 gold pieces.
You spent 138 gold pieces at shops.
You paid 51 gold pieces to Gozag.

Inventory:

Missiles
 m - a throwing net
Jewellery
 e - a +6 ring of dexterity (left tentacle)
 g - a ring of see invisible (right tentacle)
 q - a +6 ring of dexterity (on tentacle)
Talismans
 b - a beast talisman (active)
Wands
 v - a wand of light (11)
Scrolls
 c - a scroll of amnesia
 f - 6 scrolls of vulnerability
 h - 2 scrolls of torment
 k - a scroll of teleportation
 l - 2 scrolls of blinking {unknown}
 s - 2 scrolls of enchant armour {unknown}
 t - 2 scrolls of fog {unknown}
 y - a scroll of brand weapon {unknown}
Potions
 a - a potion of lignification
 i - 2 potions of brilliance
 j - a potion of attraction
 n - a potion of haste
 o - a potion of enlightenment {unknown}
 p - a potion of ambrosia {unknown}
 r - a potion of invisibility {unknown}
 u - 2 potions of cancellation {unknown}
 w - 5 potions of might
 x - a potion of mutation {unknown}
 z - a potion of heal wounds {unknown}


   Skills:
 + Level 5.2 Fighting
 + Level 5.5 Dodging
 + Level 5.9 Unarmed Combat
 + Level 5.2 Shapeshifting


You had 7 spell levels left.
You didn't know any spells.
Your spell library contained the following spells:

 Spells                   Type           Power      Damage    Failure   Level
 Poisonous Vapours        Pois/Air       0%         N/A       50%         2
 Mephitic Cloud           Conj/Pois/Air  0%         N/A       75%         3
 Freezing Cloud           Conj/Ice/Air   0%         6-21      100%        5


Dungeon Overview and Level Annotations

Branches:
Dungeon (6/15)             Temple (0/1) D:5

Altars:
Fedhas
Gozag
Hepliaklqana
Vehumet
The Shining One

Shops:
D:3 [   D:5 !****

Annotations:
D:3 Ijyb


Innate Abilities, Weirdness & Mutations

You are a hulking beast.
Your limbs bulge with bestial killing power. (Slay +3)
You cannot wear most types of armour.
You are amphibious.
You can wear up to eight rings at the same time.
Your skin changes colour to match your surroundings (Stealth+).
Your rubbery body absorbs attacks. (AC +1, EV +1)
((You are camouflaged when in or above water. (Stealth+)))
You have tentacles for arms and can constrict up to eight enemies at once.


Message History

Things that are here:
a +0 dagger; a +0 robe You now have 265 gold pieces (gained 6).
Things that are here:
a +0 dagger; a +0 robe You now have 273 gold pieces (gained 8).
Things that are here:
a +0 whip; a +0 leather armour You now have 277 gold pieces (gained 4).
l - 2 scrolls labelled RUGIXZOMNAI (gained 1)
You see here an amulet of faith.
Found a stone staircase leading down.
t - 2 scrolls labelled ISIFOC HARELI (gained 1)
A troll comes into view.
Unknown command.
Okay, then.
A troll is nearby!
A troll is nearby!
Found a hazy altar of Hepliaklqana.
There is an empty arch of ancient stone here.
There is a hazy altar of Hepliaklqana here.
There is an empty arch of ancient stone here.
Okay, then.
Found 3 potions of might.
w - 5 potions of might (gained 3)
Found a stone staircase leading up.
Found a scroll labelled TOZAEN JEMAIFY.
The troll shouts!
The troll closely misses you. The troll claws you! The troll claws you.
As you read the scroll of teleportation, it crumbles to dust.
You feel strangely unstable. The troll barely misses you.
The troll claws you! x2
Okay, then.
Okay, then.
The troll attacks as you move away! The troll barely misses you.
The troll misses you. The troll barely misses you.
The troll attacks as you move away! The troll bites you!
* * * LOW HITPOINT WARNING * * *
The troll claws you!
You die...
Your body crumbles into a pile of gold.

# #.# ##.#..# #........ #.#
*#.#.###### #........
###.######.##....#******#........
.................##....##.#######
############.....##....##.#
..#####,,,,#.....##....##.#
###...#**,*#.....##....##.#
###._.###....#.#T##....##.#
..#...#.#.#*,#?#h##....##.#
####.##.########.##....##.#
,,,#§#....................#
***#§##.###########....####
#§§#.#........#######
##...#.######.# ###.#.# #.#
#.#.######.# #.#.....##.#


You could see a troll.

Vanquished Creatures
  Maggie (D:6)
  Edmund (D:5)
  A sky beast (D:5)
  A black bear (D:5)
  2 ogres (D:5)
  Blork the orc (D:5)
  A scorpion (D:6)
  An orc priest (D:4)
  3 hounds
  A sleepcap (D:5)
  An iguana (D:5)
  3 orc wizards
  Robin (D:4)
  7 adders
  10 gnolls
  An ufetubus (D:6)
  3 worms
  3 dart slugs
  14 orcs
  5 endoplasms
  7 giant cockroaches
  9 hobgoblins
  10 ball pythons
  3 bats (D:1)
  4 frilled lizards
  15 goblins
  7 kobolds
  7 rats
123 creatures vanquished.

Notes
Turn   | Place    | Note
-------+----------+-------------------------------------------
     0 | D:1      | Zonian the Octopode Shapeshifter began the quest for the
                  | Orb.
     0 | D:1      | Reached XP level 1. HP: 13/13 MP: 1/1
   121 | D:1      | Reached XP level 2. HP: 15/18 MP: 2/2
   825 | D:2      | Reached XP level 3. HP: 23/23 MP: 3/3
  1325 | D:2      | Reached XP level 4. HP: 25/29 MP: 4/4
  2107 | D:2      | You fall into a shaft and drop 2 floors!
  2154 | D:3      | Found Hoeppeteoc's Antique Armour Emporium.
  2201 | D:3      | Reached XP level 5. HP: 32/35 MP: 5/5
  2756 | D:3      | Noticed Ijyb
  2803 | D:3      | Found a large runed translucent door.
  2804 | D:3      | Found a large runed translucent door.
  2835 | D:3      | Found a radiant altar of Vehumet.
  2840 | D:3      | Found a glowing golden altar of the Shining One.
  3246 | D:4      | Reached XP level 6. HP: 32/41 MP: 6/6
  3752 | D:4      | Found an opulent altar of Gozag.
  4073 | D:4      | Identified the +6 flail of Xom {heavy, rPois}
  4073 | D:4      | Noticed Robin
  4282 | D:4      | Killed Robin
  4294 | D:4      | Became a worshipper of Gozag Ym Sagoz the Greedy
  4592 | D:5      | Entered Level 5 of the Dungeon
  4592 | D:5      | Noticed Blork the orc
  4596 | D:5      | Killed Blork the orc
  4651 | D:5      | Reached XP level 7. HP: 46/46 MP: 7/7
  4709 | D:5      | Found a faded altar of an unknown god.
  4712 | D:5      | Found a staircase to the Ecumenical Temple.
  5130 | D:5      | Found Buakofyo's Distillery.
  5130 | D:5      | Found Hogun's General Store.
  5134 | D:5      | Found Kuduub's Assorted Antiques.
  5134 | D:5      | Found Ykommets's General Store.
  5153 | D:5      | Bought a potion of might for 56 gold pieces
  5163 | D:5      | Bought a scroll of teleportation for 42 gold pieces
  5167 | D:5      | Bought a potion of might for 40 gold pieces
  5267 | D:5      | Found a blossoming altar of Fedhas.
  5281 | D:5      | Found Vasaej's Fire Supplies.
  5344 | D:5      | Noticed Edmund
  5413 | D:5      | Killed Edmund
  5518 | D:5      | Reached skill level 5 in Unarmed Combat
  5573 | D:5      | Reached XP level 8. HP: 28/54 MP: 8/8
  6175 | D:6      | Noticed Maggie
  6282 | D:6      | HP: 2/54 [Maggie/+2 glaive of flaming (4)]
  6285 | D:6      | Killed Maggie
  6286 | D:6      | Reached skill level 5 in Fighting
  6286 | D:6      | Reached skill level 5 in Dodging
  6286 | D:6      | Reached skill level 5 in Shapeshifting
  7186 | D:6      | Noticed a troll
  7207 | D:6      | Found a hazy altar of Hepliaklqana.
  7318 | D:6      | Slain by a troll

Illustrated notes

Levels and vault maps discovered:
D:1:      psy_arrival_whirlpool, layout_loops_ring, kennysheep_crisscross
D:2:      layout_loops_corners, serial_forest, infiniplex_forest_end_1,
          infiniplex_forest_corner_2, infiniplex_forest_clump_small,
          infiniplex_forest_straight_4, infiniplex_forest_end_3,
          infiniplex_forest_clump_double, infiniplex_forest_end_3,
          infiniplex_forest_pool
D:3:      layout_rooms, jmf_multi_god_temple2, serial_shops, shop,
          nicolae_shop_waterfront, minmay_statues_item, serial_park_tiny_pond,
          kennysheep_generic_room_6, uniq_ijyb
D:4:      layout_loops_cross, mainiacjoe_overflow_tiny_flanked, uniq_robin
D:5:      layout_loops_ring, mainiacjoe_overflow_concentric_impassable,
          nicolae_temple_entry_ecumenical, nicolae_shop_fire_sale
          [nicolae_sub_dead_trees], chequers_serial_rivers_marsh,
          nicolae_wooded_promenade, hellmonk_no_cap, uniq_edmund,
          uniq_blork_the_orc
D:6:      wad_pebble_path, layout_basic, nzn_hepliaklqana_mist_gate,
          minmay_microvault, uniq_maggie

Skill      XL: |  1  2  3  4  5  6  7  8 |
---------------+-------------------------+-----
Fighting       | 2 3 4 5 |  5.2
Dodging        | 3 4 5 |  5.5
Unarmed Combat | 4 5 |  5.9
Shapeshifting  | 4 5 |  5.2

Action                     |  1- 3 |  4- 6 |  7- 9 || total
---------------------------+-------+-------+-------++-------
  Melee: Unarmed           |    58 |   137 |    84 ||   279
         Constrict         |    14 |    43 |    11 ||    68
         Tentacles         |     6 |    29 |    21 ||    56
         Punch             |     1 |     5 |     5 ||    11
  Evoke: Wand              |       |       |     1 ||     1
    Use: Scroll            |       |     8 |     3 ||    11
         Potion            |       |     1 |     3 ||     4
   Stab: Sleeping          |     4 |     4 |     1 ||     9
         Distracted        |       |     1 |     1 ||     2
         Invisible         |       |       |     2 ||     2
 Armour: Skin              |     1 |     5 |    32 ||    38
  Dodge: Dodged            |    26 |    75 |    51 ||   152

Table legend: (Time is in decaauts)
 A = Elapsed time spent in this place.
 B = Non-inter-level travel time spent in this place.
 C = Inter-level travel time spent in this place.
 D = Time resting spent in this place.
 E = Time spent auto-exploring this place.
 F = Levels seen in this place.
 G = Mean time per level.
                   A        B        C        D        E       F      G
               +--------+--------+--------+--------+--------+-----+--------+
         Total |   7294 |   7171 |    123 |   2119 |   3703 |   6 | 1215.7 |
       Dungeon |   7294 |   7171 |    123 |   2119 |   3703 |   6 | 1215.7 |
               +--------+--------+--------+--------+--------+-----+--------+

Top non-repeatable levels by time:
     D:4: 1716 daAuts
     D:5: 1569 daAuts
     D:1: 1154 daAuts
     D:6: 1146 daAuts
     D:2: 946 daAuts
     D:3: 760 daAuts
